 Dungeon Crawl Stone Soup version 0.21-a0-331-gfb491b4 (webtiles) character file.

140 vishdafish the Charmwright (level 5, 0/39 HPs)
             Began as a Demonspawn Skald on Oct 2, 2017.
             Was an Initiate of Makhleb.
             Succumbed to p0werm0de's ghost's poison
             ... on level 3 of the Dungeon.
             The game lasted 00:04:44 (2537 turns).

vishdafish the Charmwright (Demonspawn Skald)       Turns: 2537, Time: 00:04:45

Health: 0/39       AC:  6    Str: 10 (12) XL:     5   Next: 2%
Magic:  8/9        EV: 17    Int: 14 (15) God:    Makhleb [......]
Gold:   100        SH:  0    Dex: 16 (17) Spells: 6/9 levels left

rFire    . . .     SeeInvis .   n - +1 spear (venom)
rCold    . . .     Gourm    .   (no shield)
rNeg     . . .     Faith    .   b - +0 leather armour
rPois    .         Spirit   .   (helmet restricted)
rElec    .         Reflect  .   m - +0 cloak
rCorr    .         Harm     .   k - +0 pair of gloves
MR       .....                  (no boots)
Stlth    ++........             (no amulet)
HPRegen  0.13/turn              (no ring)
MPRegen  0.11/turn              (no ring)

@: agile, lethally poisoned (0 -> -6), flying
A: horns 2, rugged brown scales 1, powered by death 1
a: Renounce Religion


You were on level 3 of the Dungeon.
You worshipped Makhleb.
Makhleb was noncommittal.
You were not hungry.

You visited 1 branch of the dungeon, and saw 3 of its levels.

You collected 100 gold pieces.

Inventory:

Hand Weapons
 a - a +0 spear
 n - a +1 spear of venom (weapon)
Armour
 b - a +0 leather armour (worn)
 k - a +0 pair of gloves (worn)
 m - a +0 cloak (worn)
Scrolls
 g - a scroll of remove curse
 i - 4 scrolls of random uselessness {unknown}
 l - a scroll of identify
Books
 c - a book of Battle

   Spells                             Type                      Level
   a - Infusion                       Charms                       1
   b - Shroud of Golubria             Charms/Translocation         2
   c - Song of Slaying                Charms                       2
   d - Spectral Weapon                Hexes/Charms                 3
   e - Regeneration                   Charms/Necromancy            3
Comestibles
 d - a bread ration


   Skills:
 - Level 2.0 Fighting
 + Level 2.9 Polearms
 - Level 1.1 Armour
 - Level 2.0 Dodging
 * Level 2.7 Spellcasting
 - Level 4.0 Charms


You had 6 spell levels left.
You knew the following spells:

 Your Spells              Type           Power        Failure   Level  Hunger
a - Infusion              Chrm           ##..         5%          1    #......
b - Song of Slaying       Chrm           ##......     9%          2    ###....


Dungeon Overview and Level Annotations

Branches:
Dungeon (3/15)

Altars:
Makhleb

Annotations:
D:3 p0werm0de's ghost, amateur FoNe


Innate Abilities, Weirdness & Mutations

You have a pair of horns on your head.
You are partially covered in rugged brown scales. (AC +1, +3% HP)
You regenerate a little health from kills.


Message History

* * * LOW HITPOINT WARNING * * *
You feel sick.
* * * LOW HITPOINT WARNING * * *
You feel sick. P0werm0de's ghost closely misses you.
You are no longer magically infusing your attacks.
* * * LOW HITPOINT WARNING * * *
You feel sick.
You aren't carrying any potions.
* * * LOW HITPOINT WARNING * * *
You feel sick.
You see here a dagger.
* * * LOW HITPOINT WARNING * * *
You feel sick.
P0werm0de's ghost points at you and mumbles some strange words.
You barely resist.
You aren't carrying any potions.
As you read the scroll labeled OCIENE DEGAZUI, it crumbles to dust.
You assume a fearsome visage.
P0werm0de's ghost is unaffected.
It was a scroll of fear.
You die...

#. #.# #.# #...#### . ###.## #.#
#.####......##.# ....# #.# #
#.............# #..###.#
.#.#.........### ##...##.#
#.##.........#### #.....#.#
#.##..........%?. ## #.......##
#.##...........##
....#........####.##...........#
....[...<##)....@.)W...........#
#######.###..####.##.......(.....
#.).....................##.#
#..###..##........).....# .# #..#
#..##.#.....##.##..# #..#
#...........##..#.... #...
..............#.# ##. ...#
##.##.#....... #. ..#.. .# .#


You could see p0werm0de's ghost.

Vanquished Creatures
  A hound (D:2)
  An orc wizard (D:3)
  3 adders (D:2)
  2 worms (D:2)
  A dart slug (D:1)
  A leopard gecko (D:1)
  2 orcs (D:2)
  6 bats
  A giant cockroach (D:1)
  7 goblins
  4 hobgoblins (D:1)
  3 jackals (D:2)
  A quokka (D:2)
  2 frilled lizards (D:2)
  2 kobolds
  9 rats
46 creatures vanquished.

Notes
Turn   | Place    | Note
-------+----------+-------------------------------------------
     0 | D:1      | vishdafish the Demonspawn Skald began the quest for the Orb.
     0 | D:1      | Reached XP level 1. HP: 16/16 MP: 3/3
    58 | D:1      | Reached skill level 1 in Armour
   181 | D:1      | Gained mutation: You have a pair of small horns on your head. [demonic ancestry]
   181 | D:1      | Reached XP level 2. HP: 12/22 MP: 5/5
   422 | D:1      | Reached skill level 3 in Charms
   893 | D:2      | Gained mutation: You have a pair of horns on your head. [demonic ancestry]
   893 | D:2      | Reached XP level 3. HP: 27/27 MP: 6/6
  1016 | D:2      | Found a burning altar of Makhleb.
  1023 | D:2      | Gained mutation: You are partially covered in rugged brown scales. (AC +1, +3% HP) [demonic ancestry]
  1023 | D:2      | Reached XP level 4. HP: 24/33 MP: 1/7
  1028 | D:2      | Became a worshipper of Makhleb the Destroyer
  1517 | D:2      | Reached skill level 4 in Charms
  1750 | D:2      | Learned a level 2 spell: Song of Slaying
  2445 | D:3      | Gained mutation: You regenerate a little health from kills. [demonic ancestry]
  2445 | D:3      | Reached XP level 5. HP: 36/39 MP: 4/9
  2513 | D:3      | Noticed p0werm0de's ghost (amateur FoNe)
  2535 | D:3      | HP: 1/39 [poisoned by p0werm0de's ghost]
  2537 | D:3      | Succumbed to p0werm0de's ghost's poison

Vault maps used:
D:1:      dpeg_arrival_tiny_h
D:2:      makhleb_heckhound_becter
D:3:      first_bread, chequers_ecumenical_altar_simple_redux

Skill      XL: |  1  2  3  4 |
---------------+-------------+-----
Armour         | 1 |  1.1
Dodging        | 2 |  2.0
Polearms       | 2 |  2.9
Charms         | 3 4 |  4.0
Fighting       | |  2.0
Spellcasting   | |  2.7

Action                   |  1- 3 |  4- 6 || total
-------------------------+-------+-------++-------
Melee: Spear             |    85 |   103 ||   188
       Headbutt          |     6 |     7 ||    13
 Cast: Infusion          |     6 |     7 ||    13
  Use: Potion            |       |     3 ||     3
       Scroll            |       |     2 ||     2
  Eat: Chunk             |       |     2 ||     2
       Bread ration      |       |     1 ||     1
Armor: Leather armour    |    10 |    42 ||    52
Dodge: Dodged            |    42 |    75 ||   117

Table legend:
 A = Spawn XP
 B = Non-spawn XP
 C = Spawn XP percentage of total XP
 D = Spawn monster count
 E = Non-spawn monster count
 F = Spawn count percentage of total count
 G = Total turns spent on level
                    A         B        C        D         E        F      G
               +---------+---------+-------+---------+---------+-------+---------
         Total |       0 |     201 |   0.0 |       0 |      46 |   0.0 |  2537
               +---------+---------+-------+---------+---------+-------+---------
           D:1 |       0 |      39 |   0.0 |       0 |      22 |   0.0 |   886
           D:2 |       0 |     123 |   0.0 |       0 |      23 |   0.0 |  1537
           D:3 |       0 |      39 |   0.0 |       0 |       1 |   0.0 |   114
               +---------+---------+-------+---------+---------+-------+---------
